 Dungeon Crawl Stone Soup version 0.31-a0-430-gf8416d752b (webtiles) character file.

Game seed: 2288276980870441971

535080 iforgotmypassword the Slayer (level 25, 0/163 HPs)
             Began as a Gargoyle Fighter on July 31, 2023.
             Was the Champion of the Shining One.
             Slain by an Orb Guardian (24 damage)
             ... on level 5 of the Realm of Zot.
             The game lasted 02:42:05 (64864 turns).

iforgotmypassword the Slayer (Gargoyle Fighter)    Turns: 64864, Time: 02:42:06

Health: 0/163      AC: 52    Str: 32    XL:     25   Next: 78%
Magic:  8/23       EV: 25    Int:  9    God:    the Shining One [******]
Gold:   3437       SH: 38    Dex:  7    Spells: 24/24 levels left

rFire   + + .        a - +9 sacred scourge (holy)
rCold   . . .        F - +4 tower shield
rNeg    + + +        O - quicksilver dragon scales
rPois   ∞            L - +2 hat {Stlth+}
rElec   +            M - +1 cloak of Starlight {*Dazzle EV+4 Stlth--}
rCorr   .            i - +5 pair of gloves of Feul {rF+ Int-5 Stlth+}
SInv    .            V - +1 pair of boots of Kleptomania {Regen+}
Will    ++...        q - amulet of Yduaxuf {Reflect rF+ Will- Regen+ Str+2 SH+5}
Stlth   +            Q - +5 ring of evasion
HPRegen 2.07/turn    u - ring of Irocoihe {EV+5 Int+3 Slay+2}
MPRegen 0.18/turn

%: reflection
@: divinely shielded, about to teleport, vertiginous, flying, glowing, studying
2 skills
A: sickness immunity, AC +19, big wings, negative energy resistance 1,
electricity resistance, torment resistance 1, petrification resistance, fangs 1,
clumsy 1, frail 1, low MP 2, strong-willed 1, teleportitis 1, wild magic 1,
sturdy frame 1
}: 3/15 runes: decaying, abyssal, gossamer
a: Renounce Religion, Divine Shield, Cleansing Flame, Summon Divine Warrior


You were on level 5 of the Realm of Zot.
You worshipped the Shining One.
The Shining One was exalted by your worship.
You visited 10 branches of the dungeon, and saw 47 of its levels.
You visited the Abyss 2 times.
You also visited: Bailey and Gauntlet.

You collected 6873 gold pieces.
You spent 3436 gold pieces at shops.

Inventory:

Hand Weapons
 a - a +9 sacred scourge of holy wrath (weapon)
 X - a +4 eveningstar of venom
Armour
 i - the +5 pair of gloves of Feul (worn) {rF+ Int-5 Stlth+}
   (You found it in a Gauntlet)

   Int:       It affects your intelligence (-5).
   rF:        It protects you from fire.
   Stlth:     It makes you more stealthy.
 E - the +4 dragonskin cloak
   (You took it off Tiamat on level 2 of the Realm of Zot)

   Avatar's Aegis: It grants the wearer a chance to resist fire, cold, poison,
   electricity, acid, and negative energy.
 F - a +4 tower shield (worn)
 L - a +2 hat of stealth (worn)
 M - the +1 cloak of Starlight (worn) {*Dazzle EV+4 Stlth--}
   (You acquired it on level 12 of the Dungeon)

   *Dazzle:   It may blind those who miss an attack against the wearer in melee
   combat.
   EV:        It affects your evasion (+4).
   Stlth:     It makes you much less stealthy.
 O - quicksilver dragon scales (worn)
 V - the +1 pair of boots of Kleptomania (worn) {Regen+}
   (You found it on level 2 of the Spider Nest)

   Regen:     It increases your rate of health regeneration.
Jewellery
 q - the amulet of Yduaxuf (around neck) {Reflect rF+ Will- Regen+ Str+2 SH+5}
   (You found it on level 3 of the Elven Halls)

   [amulet of reflection]

   It reflects blocked missile attacks.
   Str:       It affects your strength (+2).
   rF:        It protects you from fire.
   Regen:     It increases your rate of health regeneration.
   SH:        It affects your SH (+5).
   Will:      It decreases your willpower.
 s - the ring "Fefful" {rPois rF++}
   (You found it on level 3 of the Lair of Beasts)

   [ring of poison resistance]

   rF:        It greatly protects you from fire.
   rPois:     It protects you from poison.
 u - the ring of Irocoihe (right hand) {EV+5 Int+3 Slay+2}
   (You bought it in a shop on level 3 of the Depths)

   [ring of evasion]

   EV:        It affects your evasion (+5).
   Int:       It affects your intelligence (+3).
   Slay:      It affects your accuracy & damage with ranged weapons and melee
   (+2).
 I - a ring of protection from fire
 K - the ring "Tuizet" {rPois EV+5 Str+2 Int-2}
   (You took it off a deep elf pyromancer on level 3 of the Elven Halls)

   [ring of evasion]

   EV:        It affects your evasion (+5).
   Str:       It affects your strength (+2).
   Int:       It affects your intelligence (-2).
   rPois:     It protects you from poison.
 N - the ring of Hoaw {rElec rPois rN+ AC+4 Str-2}
   (You found it in a Gauntlet)

   [ring of protection]

   AC:        It affects your AC (+4).
   Str:       It affects your strength (-2).
   rElec:     It insulates you from electricity.
   rPois:     It protects you from poison.
   rN:        It protects you from negative energy.
 P - the ring "Nenum" {rPois rF- Dex+3 SInv}
   (You took it off an orc on level 11 of the Dungeon)

   [ring of see invisible]

   Dex:       It affects your dexterity (+3).
   rF:        It makes you vulnerable to fire.
   rPois:     It protects you from poison.
   SInv:      It lets you see invisible.
 Q - a +5 ring of evasion (left hand)
 U - the ring of Lilacs {Fly rN++}
   (You found it on level 4 of the Vaults)

   [ring of flight]

   rN:        It greatly protects you from negative energy.
   Fly:       It grants you flight.
Wands
 b - a wand of light (47)
 d - a wand of polymorph (33)
 f - a wand of flame (100)
 n - a wand of paralysis (55)
 p - a wand of roots (73)
 v - a wand of mindburst (28)
 H - a wand of digging (36)
Scrolls
 h - 6 scrolls of immolation
 k - 10 scrolls of teleportation
 x - 3 scrolls of vulnerability
 y - a scroll of silence
 z - 5 scrolls of fear
 A - 2 scrolls of blinking
 C - 25 scrolls of identify
 G - 6 scrolls of poison
 J - 4 scrolls of fog
 Z - 3 scrolls of butterflies
Potions
 c - 5 potions of invisibility
 g - 3 potions of brilliance
 j - 3 potions of mutation
 l - 9 potions of curing
 m - 3 potions of cancellation
 o - 4 potions of lignification
 r - 5 potions of attraction
 t - 2 potions of haste
 B - 5 potions of might
 W - 6 potions of resistance
 Y - 6 potions of ambrosia
Miscellaneous
 e - a phial of floods
 R - a lightning rod (4/4)


   Skills:
 + Level 25.2 Fighting
 - Level 16.0 Maces & Flails
 - Level 22.0 Armour
 - Level 20.0 Dodging
 - Level 20.0 Shields
 - Level 8.4 Invocations


You had 24 spell levels left.
You didn't know any spells.
Your spell library contained the following spells:

 Spells                   Type           Power      Damage    Failure   Level
 Freeze                   Ice            0%         1d3       77%         1
 Magic Dart               Conj           0%         1d3       77%         1
 Sting                    Tmut/Pois      0%         1d3       77%         1
 Call Imp                 Summ           0%         N/A       87%         2
 Poisonous Vapours        Pois/Air       0%         N/A       87%         2
 Searing Ray              Conj           0%         2d4       87%         2
 Wereblood                Tmut           0%         N/A       87%         2
 Dazzling Flash           Conj/Hex       0%         N/A       97%         3
 Frozen Ramparts          Ice            0%         1d1       97%         3
 Hailstorm                Conj/Ice       0%         3d3       97%         3
 Ignite Poison            Fire/Tmut/Pois 0%         N/A       97%         3
 Mephitic Cloud           Conj/Pois/Air  0%         N/A       97%         3
 Ozocubu's Armour         Ice            0%         N/A       97%         3
 Portal Projectile        Hex/Tloc       0%         N/A       97%         3
 Stone Arrow              Conj/Erth      0%         3d7       97%         3
 Tukima's Dance           Hex            0%         N/A       97%         3
 Vhi's Electric Charge    Tloc/Air       0%         N/A       97%         3
 Volatile Blastmotes      Fire/Tloc      0%         2d10      97%         3
 Animate Armour           Summ/Erth      0%         N/A       100%        4
 Fulminant Prism          Conj/Hex       0%         3d5       100%        4
 Iskenderun's Mystic Bla  Conj/Tloc      0%         2d3       100%        4
 Leda's Liquefaction      Hex/Erth       0%         N/A       100%        4
 Olgreb's Toxic Radiance  Pois           0%         N/A       100%        4
 Petrify                  Tmut/Erth      0%         N/A       100%        4
 Sticky Flame             Conj/Fire      0%         2d3       100%        4
 Summon Ice Beast         Ice/Summ       0%         N/A       100%        4
 Agony                    Necr           0%         N/A       100%        5
 Arcjolt                  Conj/Air       0%         1d10      100%        5
 Irradiate                Conj/Tmut      0%         3d11      100%        5
 Lee's Rapid Deconstruct  Erth           0%         3d4*      100%        5
 Metabolic Englaciation   Hex/Ice        0%         N/A       100%        5
 Silence                  Hex/Air        0%         N/A       100%        5
 Summon Forest            Summ/Tloc      0%         N/A       100%        5
 Summon Mana Viper        Hex/Summ       0%         N/A       100%        5
 Eringya's Noxious Bog    Tmut/Pois      0%         4d6       100%        6
 Leda's Unmaking          Conj/Erth      0%         9d1       100%        6
 Plasma Beam              Fire/Air       0%         2x1d10    100%        6
 Simulacrum               Ice/Necr       0%         N/A       100%        6
 Summon Cactus Giant      Summ           0%         N/A       100%        6
 Monstrous Menagerie      Summ           0%         N/A       100%        7
 Summon Hydra             Summ           0%         N/A       100%        7
 Ignition                 Fire           0%         3d3       100%        8
 Lehudib's Crystal Spear  Conj/Erth      0%         10d2      100%        8
 Maxwell's Capacitive Co  Air            0%         ∞         100%        8
 Shatter                  Erth           0%         3d5*      100%        9
 Cigotuvi's Dreadful Rot  Necr/Pois/Air  Unusable   N/A       N/A         2
 Sublimation of Blood     Necr           Unusable   N/A       N/A         2

Dungeon Overview and Level Annotations

Branches:
Dungeon (15/15)            Temple (1/1) D:5            Lair (5/5) D:10
  Swamp (4/4) Lair:2       Spider (4/4) Lair:2        Slime (0/5) Lair:5
    Orc (2/2) D:9             Elf (3/3) Orc:2        Vaults (4/5) D:13
  Crypt (0/3) Vaults:3     Depths (4/4) D:15            Zot (5/5) Depths:4
 Bailey (visited)         Gauntlet (visited)

Altars:
Ashenzari
Cheibriados
Dithmenos
Elyvilon
Fedhas
Gozag
Hepliaklqana
Kikubaaqudgha
Makhleb
Nemelex Xobeh
Okawaru
Qazlal
Ru
Sif Muna
Trog
Uskayaw
Vehumet
Wu Jian
Xom
Yredelemnul
Zin
The Shining One

Shops:
D:7 *   D:12 ?   D:13 [   Orc:2 (:**   Elf:1 [   Vaults:3 :   Depths:3 :==
Depths:4 (*[[

Portals:
Hell: Depths:2 Depths:3 Depths:4
Abyss: Depths:3
Pandemonium: Orc:2 Depths:2 Depths:4
Ziggurat: Depths:3

Annotations:
D:4 1 runed translucent door, chipmonk's ghost, amateur OpSh
Swamp:4 exclusion: 2 oklob plants
Elf:2 3 runed translucent doors
Depths:1 exclusion: 2 doors
Zot:4 2 transporters
Zot:5 exclusion: 2 upstairs


Innate Abilities, Weirdness & Mutations

You are immune to sickness and miasma.
Your stone body is resilient. (AC +19)
You are immune to poison.
Your large and strong wings let you fly.
You resist negative energy. (rN+)
You are resistant to electric shocks. (rElec)
You are resistant to unholy torment.
You are immune to petrification.
You have very sharp teeth.
You are clumsy. (Dex -2)
You are frail. (-10% HP)
Your magical capacity is very low. (-20% MP)
You are strong-willed. (Will+)
You are occasionally teleported next to monsters.
Your spells are a little harder to cast, but a little more powerful.
Your movements are slightly less encumbered by armour. (ER -2)


Message History

The Orb Guardian hits you!
* * * LOW HITPOINT WARNING * * *
You hit the storm dragon. Your bite misses the storm dragon.
The storm dragon is moderately wounded.
You block the Orb Guardian's attack. x3; The Orb Guardian hits you!
* * * LOW HITPOINT WARNING * * *
The Orb Guardian hits you but does no damage. x2
The storm dragon closely misses you. You block the storm dragon's attack.
The storm dragon completely misses you.
You feel much better. The Orb Guardian completely misses you.
You block the Orb Guardian's attack. x3
The Orb Guardian hits you but does no damage.
The Orb Guardian completely misses you. The storm dragon misses you.
The storm dragon closely misses you.
The storm dragon tramples you but does no damage.
The Orb Guardian closely misses you.
The ancient lich casts a spell.
The ancient lich flickers and vanishes for a moment.
You hear a chilling moan.
Unknown command.
Aiming: Fastroot
Press: ? - help, Q - select action, (/) - cycle Shift-Dir - straight line, f - you The roots erupt in riotous growth!
Roots grab the Orb Guardian.
Roots grab the storm dragon.
Roots grab the Orb Guardian. x5
The grasping roots constrict the Orb Guardian, but do no damage.
The grasping roots constrict the Orb Guardian. x3
The grasping roots constrict the Orb Guardian, but do no damage. x2
The grasping roots constrict the storm dragon, but do no damage.
You hear a roar!
You hear a deafening roar!
The Orb Guardian hits you.
* * * LOW HITPOINT WARNING * * *
You block the Orb Guardian's attack. x3; The Orb Guardian hits you!!
* * * LOW HITPOINT WARNING * * *
You block the Orb Guardian's attack.
The storm dragon bites you but does no damage.
The storm dragon misses you.
The storm dragon tramples you but does no damage.
The Orb Guardian hits you!!
You die...

**,,,,,,,^..........##
#....................#
#.....^..............#
#....................#
#................L...#
#...............○....# #
#..^..^......L..D....###
*#....XXX.........d.###.
*#....@XXX.....Xqd##...
##..DXX......1XyL..§.#
▓▓^..X.##▓▓▓▓▓▓▓▓▓▓▓#
*▓.....?..,,,,,,,****
*▓..........,,,,,,,,,**
*▓.............,,,,,,^,,
▓..........^...,,,,,,,,,
▓..............,,,,,,,,,
**,,,,,,,,,,,,^,,,,,,,,,


You could see a tentacled monstrosity, an ancient lich (invisible), a storm
dragon (rooted) and 8 Orb Guardians.

Vanquished Creatures
  Tiamat (Zot:2)
  2 dread liches (Zot:5)
  An ancient lich (Abyss:3)
  Mara (Depths:1)
  Bai Suzhen (Swamp:2)
  Saint Roka (Depths:3)
  A Killer Klown (Zot:5)
  4 golden dragons
  Nikola (Swamp:3)
  the Enchantress (Depths:3)
  Arachne (Spider:2)
  3 bone dragons
  2 electric golems (Zot:1)
  6 tentacled monstrosities
  3 liches
  A Hell Sentinel (Abyss:3)
  Asterion (Vaults:1)
  9 Orb Guardians (Zot:5)
  A walking earthen tome (Depths:4)
  5 quicksilver dragons
  A walking divine tome (Depths:2)
  4 deep elf blademasters
  7 sphinxes
  4 deep elf master archers (Elf:3)
  Agnes (Elf:1)
  8 death cobs
  5 tentacled starspawn
  An Executioner (Abyss:3)
  3 thorn hunters
  4 shadow dragons
  Kirke (D:14)
  3 draconian monks
  5 tengu reavers
  2 revenants
  8 storm dragons
  3 draconian knights
  A fenstrider witch (Swamp:1)
  Roxanne (Swamp:4)
  7 fire giants
  4 frost giants
  10 emperor scorpions
  An iron dragon (Depths:2)
  15 vault wardens
  A juggernaut zombie (Depths:3)
  An orc warlord (Vaults:4)
  A balrug (Depths:1)
  14 deep elf sorcerers
  4 draconian scorchers
  4 ghost moths
  A ghoul (Vaults:3)
  Louise (Elf:1)
  4 draconian shifters
  6 draconian annihilators
  7 deep elf elementalists
  5 draconian stormcallers
  15 very ugly things
  14 ironbound preservers
  5 spriggan defenders
  8 stone giants
  A reaper (Abyss:3)
  A broodmother (Spider:2)
  2 formless jellyfish
  4 war gargoyles
  10 ironbound thunderhulks
  Nessos (Orc:1)
  A hydra skeleton (Swamp:4)
  10 green draconians
  5 vampire knights
  7 deep elf annihilators
  18 dire elephants
  10 deep elf demonologists
  6 black draconians
  10 purple draconians
  6 yellow draconians
  3 bunyips (Swamp:2)
  6 eleionomae
  2 spark wasps
  A minotaur (Gauntlet)
  3 red draconians
  2 eidola (Vaults:3)
  10 white draconians
  2 crystal guardians (Vaults:3)
  Josephine (Orc:1)
  Snorg (Lair:4)
  A blizzard demon (Abyss:4)
  A deep elf death mage (Elf:3)
  6 deep elf high priests (Elf:3)
  11 ettins
  7 fire dragons
  13 yaktaur captains
  5 rakshasas
  3 entropy weavers
  9 vault guards
  10 ice dragons
  2 shambling mangroves (Swamp:4)
  A spriggan zombie (Depths:2)
  4 great orbs of eyes
  4 peacekeepers
  2 demonspawn
  4 spriggan air magi
  8 centaur warriors
  16 hydras
  5 radroaches
  13 ironbound frosthearts
  2 jorogumos (Spider:3)
  An ogre mage (Vaults:1)
  A catoblepas (Lair:5)
  9 dancing weapons
  2 two-headed ogres (D:11)
  11 boulder beetles
  6 alligators
  3 ghost crabs
  10 deep troll earth magi
  3 deep troll shamans
  3 death yaks (Lair:5)
  4 demonic crawlers
  3 tengu warriors
  5 orc high priests
  6 spriggan berserkers
  13 thrashing horrors
  3 soul eaters
  A shock serpent (shapeshifter) (D:13)
  11 deep elf knights
  8 wretched stars
  Sonja (Lair:4)
  3 sun demons (Depths:1)
  A fire crab (shapeshifter) (D:12)
  A hell knight (Depths:3)
  3 spatial maelstroms
  5 iron trolls
  A sixfirhy (Abyss:3)
  3 pharaoh ants
  5 goliath frogs
  3 spriggan druids (Swamp:4)
  53 deep trolls
  3 flayed ghosts
  15 swamp dragons
  5 glowing orange brains
  7 lindwurms
  9 orb spiders
  A bunyip skeleton (Abyss:3)
  3 harpies (Vaults:4)
  8 deep elf archers
  4 spectral hydras (Swamp:4)
  3 wizards
  6 bog bodies
  4 phantasmal warriors
  12 steelbarb worms
  14 ironbound convokers
  20 deep elf pyromancers
  28 ugly things
  23 wolf spiders
  4 necromancers
  16 deep elf zephyrmancers
  11 orc sorcerers
  8 orc knights
  A human zombie (Vaults:1)
  A faun (shapeshifter) (Vaults:1)
  2 draconians (Abyss:3)
  2 tengu skeletons
  6 manticores
  2 salamanders (shapeshifter) (D:13)
  5 cyclopes
  5 will-o-the-wisps
  A cyclops (shapeshifter) (D:12)
  A wolf spider (shapeshifter) (D:15)
  13 vault sentinels
  23 moths of wrath
  A worldbinder (Abyss:5)
  14 elephants
  An apocalypse crab (Abyss:4)
  Joseph (Lair:1)
  An ice statue (Gauntlet)
  5 smoke demons
  5 black mambas
  An eye of devastation (Abyss:3)
  A rust devil (Depths:2)
  An orange demon (Orc:2)
  5 gargoyles
  17 cane toads
  4 unseen horrors
  12 rime drakes
  7 torpor snails
  An efreet (Abyss:3)
  26 yaktaurs
  3 kobold demonologists
  2 tengu conjurers
  A freezing wraith (Abyss:3)
  12 komodo dragons
  2 polar bears
  A hydra zombie (Swamp:4)
  3 ice devils
  10 ancient zymes
  A queen bee (Lair:2)
  3 meliai (D:14)
  5 red devils
  2 death drake zombies (Swamp:4)
  A queen bee (shapeshifter) (D:15)
  3 trolls
  A troll (shapeshifter) (Elf:3)
  10 tyrant leeches
  Prince Ribbit (D:6)
  12 hornets
  22 tarantellas
  A shadow dragon simulacrum (Depths:3)
  4 dream sheep (Lair:5)
  6 blink frogs
  8 raiju (Abyss:3)
  A death drake skeleton (Swamp:4)
  29 jumping spiders
  27 slime creatures
  7 flying skulls
  7 water elementals
  22 large abominations
  An air elemental (Abyss:4)
  A centaur simulacrum (D:15)
  2 shadows
  6 ynoxinuls
  27 culicivoras
  6 spriggans
  2 ettin skeletons
  3 fire elementals
  4 fire bats (Abyss:3)
  7 basilisks
  65 yaks
  A vampire (D:10)
  5 golden eyes (Abyss:3)
  A hog (D:14)
  3 neqoxecs
  48 starcursed masses
  7 wyverns
  A steam dragon (Lair:4)
  10 wraiths
  8 vampire mosquitoes
  70 redbacks
  13 chaos spawn
  Grum (D:9)
  Menkaure (D:6)
  3 acid dragons (Lair:5)
  2 wargs
  18 swamp worms
  2 hydra simulacra (Swamp:4)
  A glowing shapeshifter zombie (Depths:2)
  18 water moccasins
  A floating eye (Depths:1)
  3 black bears
  11 swamp drakes
  42 orc warriors
  2 ice beasts
  2 glowing shapeshifter skeletons
  A black bear (shapeshifter) (Abyss:4)
  A boggart (shapeshifter) (Abyss:4)
  4 swamp dragon zombies (Swamp:4)
  6 ogres
  A human skeleton (Vaults:1)
  5 boggarts (Vaults:1)
  13 wolves
  12 centaurs
  A centaur (shapeshifter) (Abyss:4)
  26 small abominations
  A swamp dragon skeleton (Swamp:4)
  2 kobold brigands
  17 bullfrogs
  An earth elemental (Elf:2)
  A gnoll sergeant (D:11)
  3 scorpions
  A scorpion (shapeshifter) (Abyss:4)
  5 wights
  A killer bee (shapeshifter) (Abyss:4)
  46 killer bees
  5 howler monkeys
  5 electric eels
  3 crimson imps
  3 jellies
  A quasit (Abyss:4)
  6 hounds
  28 orc priests
  2 gnoll boudas
  5 iron imps
  6 sleepcaps
  Crazy Yiuf (D:3)
  5 iguanas
  Natasha (thrice) (D:3)
  23 orc wizards
  5 hell rats (Lair:2)
  14 gnolls
  6 adders
  A river rat (Lair:2)
  3 shadow imps
  8 white imps
  4 ufetubi
  5 worms
  A worm (shapeshifter) (Abyss:4)
  4 dart slugs
  110 orcs
  8 ball pythons
  10 bats
  7 endoplasms
  An endoplasm (shapeshifter) (Abyss:4)
  4 giant cockroaches
  10 goblins
  8 hobgoblins
  5 jackals (D:1)
  31 kobolds
  6 quokkas
  5 frilled lizards
  A frilled lizard (shapeshifter) (Abyss:4)
  A goblin (shapeshifter) (Abyss:4)
  5 rats
  A lurking horror (Abyss:3)
  A starspawn tentacle (Abyss:3)
2151 creatures vanquished.

Vanquished Creatures (others)
  A quicksilver dragon (Zot:1)
  A frost giant (Depths:3)
  A white draconian (Zot:1)
  An alligator (Swamp:2)
  A deep troll earth mage (Depths:2)
  A deep elf zephyrmancer (Elf:3)
  A komodo dragon (Lair:5)
  3 bloated husks
  A raiju (Abyss:4)
  A human (D:15)
  2 vampire mosquitoes (Swamp:1)
  2 redbacks (Spider:4)
  A floating eye (Depths:2)
  A wolf (Lair:5)
  A small abomination (Abyss:3)
  A shadow imp (Abyss:4)
  4 orcs
  10 foxfires
  12 starspawn tentacles
46 creatures vanquished.

Grand Total: 2197 creatures vanquished

Notes
Turn   | Place    | Note
-------+----------+-------------------------------------------
     0 | D:1      | iforgotmypassword the Gargoyle Fighter began the quest for
                  | the Orb.
     0 | D:1      | Reached XP level 1. HP: 14/14 MP: 1/1
   120 | D:1      | Reached XP level 2. HP: 19/19 MP: 2/2
   369 | D:1      | Reached XP level 3. HP: 24/24 MP: 3/3
   966 | D:2      | Reached skill level 4 in Fighting
   966 | D:2      | Reached XP level 4. HP: 29/29 MP: 4/4
  1944 | D:3      | Reached XP level 5. HP: 33/33 MP: 5/5
  1988 | D:3      | Found a runed translucent door.
  1988 | D:3      | Noticed Crazy Yiuf
  1992 | D:3      | Killed Crazy Yiuf
  2405 | D:3      | Noticed Natasha
  2415 | D:3      | Killed Natasha
  2416 | D:3      | Reached XP level 6. HP: 38/39 MP: 6/6
  2508 | D:3      | Noticed a black bear
  2517 | D:3      | Killed a black bear
  2796 | D:3      | Noticed Natasha
  2801 | D:3      | Killed Natasha
  2802 | D:3      | Reached skill level 5 in Fighting
  2802 | D:3      | Reached skill level 5 in Armour
  3026 | D:3      | Noticed Natasha
  3032 | D:3      | Killed Natasha
  3514 | D:4      | Reached skill level 5 in Shields
  3514 | D:4      | Reached XP level 7. HP: 43/44 MP: 7/7
  3566 | D:4      | Found a white marble altar of Elyvilon.
  3576 | D:4      | Became a worshipper of Elyvilon the Healer
  4017 | D:4      | Reached * piety under Elyvilon
  4100 | D:4      | Found a runed translucent door.
  4104 | D:4      | Noticed chipmonk's ghost (amateur OpSh)
  4623 | D:5      | Entered Level 5 of the Dungeon
  4652 | D:5      | Reached XP level 8. HP: 37/51 MP: 8/8
  4793 | D:5      | Identified the +5 whip "Bahoeffi" {venom, rN+++ Will- Str-5
                  | Stlth+}
  4806 | D:5      | Reached skill level 6 in Fighting
  4910 | D:5      | Reached skill level 5 in Maces & Flails
  5046 | D:5      | Found a hazy altar of Hepliaklqana.
  5345 | D:6      | Reached ** piety under Elyvilon
  5471 | D:6      | Found a sparkling altar of Nemelex Xobeh.
  5934 | D:6      | Found an iron altar of Okawaru.
  5936 | D:6      | Noticed Prince Ribbit
  5964 | D:6      | Killed Prince Ribbit
  5965 | D:6      | Reached XP level 9. HP: 41/56 MP: 9/9
  6045 | D:6      | Noticed Menkaure
  6055 | D:6      | Killed Menkaure
  6056 | D:6      | Reached skill level 7 in Fighting
  6235 | D:6      | Found a shimmering blue altar of Sif Muna.
  6400 | D:5      | Found a staircase to the Ecumenical Temple.
  6422 | Temple   | Entered the Ecumenical Temple
  6427 | Temple   | Fell from the grace of Elyvilon
  6427 | Temple   | Became a worshipper of the Shining One
  6427 | Temple   | Reached * piety under the Shining One
  7142 | D:7      | Reached skill level 8 in Fighting
  7190 | D:7      | Reached XP level 10. HP: 46/64 MP: 10/10
  7288 | D:7      | Found Funanen's Gadget Gallery.
  7304 | D:7      | Identified the ring of Fedakothe {rPois Str+2 Dex+6}
  7378 | D:7      | Found a snail-covered altar of Cheibriados.
  7694 | D:8      | Reached ** piety under the Shining One
  8246 | D:9      | Identified the +5 war axe of Watsut {heavy, *Slow Dex+5
                  | Stlth+}
  8297 | D:9      | Found a sacrificial altar of Ru.
  8297 | D:9      | Found a burning altar of Makhleb.
  8374 | D:9      | Reached skill level 9 in Fighting
  8391 | D:9      | Noticed Grum
  8605 | D:9      | Found a blossoming altar of Fedhas.
  8623 | D:9      | Found a flagged portal.
  8633 | Bailey   | Entered a bailey
  8684 | Bailey   | Reached skill level 10 in Maces & Flails
  8726 | Bailey   | Got Eloalugg's Lessons on Rotting Amathomancy
  9012 | D:9      | Reached XP level 11. HP: 71/71 MP: 11/11
  9201 | D:9      | Found a staircase to the Orcish Mines.
  9267 | D:9      | Found a blossoming altar of Fedhas.
  9420 | D:9      | Found a burning altar of Makhleb.
  9421 | D:9      | Found a sacrificial altar of Ru.
  9501 | D:9      | Killed Grum
  9520 | D:9      | Found a staircase to the Orcish Mines.
  9676 | D:10     | Entered Level 10 of the Dungeon
  9836 | D:10     | Found a staircase to the Lair.
  9943 | D:10     | Found a glowing silver altar of Zin.
 10259 | D:10     | Found a broken altar of Ashenzari.
 10422 | D:10     | Reached skill level 10 in Fighting
 10422 | D:10     | Reached skill level 10 in Armour
 10589 | D:11     | Noticed a two-headed ogre
 10598 | D:11     | Killed a two-headed ogre
 10706 | D:11     | Found a gate leading to a gauntlet.
 10711 | Gauntlet | Entered a Gauntlet
 10711 | Gauntlet | Found a transporter.
 10720 | Gauntlet | Found a transporter.
 10735 | Gauntlet | Found a transporter.
 10740 | Gauntlet | Found a transporter.
 10741 | Gauntlet | Noticed a necromancer
 10742 | Gauntlet | Noticed a necromancer
 10746 | Gauntlet | Noticed a death yak
 10746 | Gauntlet | Noticed a death yak
 10747 | Gauntlet | Noticed a death yak
 10747 | Gauntlet | Noticed a death yak
 10749 | Gauntlet | Noticed a death yak
 10755 | Gauntlet | Found a transporter.
 10773 | Gauntlet | Noticed a death yak
 10773 | Gauntlet | Noticed a death yak
 10774 | Gauntlet | Found a transporter.
 10774 | Gauntlet | Noticed a death yak
 10774 | Gauntlet | Noticed a death yak
 10775 | Gauntlet | Noticed a death yak
 10775 | Gauntlet | Noticed a death yak
 10782 | Gauntlet | Found a large runed translucent door.
 10783 | Gauntlet | Found a large runed translucent door.
 10783 | Gauntlet | Reached *** piety under the Shining One
 10784 | Gauntlet | Found a large runed translucent door.
 10784 | Gauntlet | Found a large runed translucent door.
 10785 | Gauntlet | Found a runed translucent gate.
 10786 | Gauntlet | Found a transporter.
 10786 | Gauntlet | Found a runed translucent gate.
 10787 | Gauntlet | Found a runed translucent gate.
 10788 | Gauntlet | Found a large runed translucent door.
 10788 | Gauntlet | Found a large runed translucent door.
 10789 | Gauntlet | Found a large runed translucent door.
 10790 | Gauntlet | Found a large runed translucent door.
 10798 | Gauntlet | Found a transporter.
 10799 | Gauntlet | Found a large runed translucent door.
 10799 | Gauntlet | Found a large runed translucent door.
 10799 | Gauntlet | Found a runed translucent door.
 10799 | Gauntlet | Found a runed translucent door.
 10800 | Gauntlet | Found a large runed translucent door.
 10801 | Gauntlet | Found a large runed translucent door.
 10803 | Gauntlet | Found a transporter.
 10803 | Gauntlet | Found a transporter.
 10818 | Gauntlet | Found a transporter.
 10818 | Gauntlet | Found the amulet of the Four Winds {rN+ Will+++ Clar}
 10824 | Gauntlet | Noticed a catoblepas
 10828 | Gauntlet | Noticed a glowing orange brain
 10829 | Gauntlet | Noticed a white ugly thing
 10830 | Gauntlet | Found a transporter.
 10831 | Gauntlet | Found the +3 pair of mountain boots {steadfast, rC+}
 10838 | Gauntlet | Noticed a red ugly thing
 10847 | Gauntlet | Found a transporter.
 10865 | Gauntlet | Found a transporter.
 10867 | Gauntlet | Found a transporter.
 10875 | Gauntlet | Noticed a moth of wrath
 10893 | Gauntlet | Found a transporter.
 10895 | Gauntlet | Found a transporter.
 10915 | Gauntlet | Found a transporter.
 10919 | Gauntlet | Found a large runed translucent door.
 10997 | Gauntlet | Found a large runed translucent door.
 10997 | Gauntlet | Found a large runed translucent door.
 10998 | Gauntlet | Found a large runed translucent door.
 11217 | Gauntlet | Identified the +5 pair of gloves of Feul {rF+ Int-5 Stlth+}
 11382 | Gauntlet | Reached **** piety under the Shining One
 11388 | Gauntlet | Identified the ring "Ginebi Epny" {Wiz rElec Will- MP+9
                  | Int+4}
 11415 | Gauntlet | Identified the +0 buckler "Hostiar" {rElec Dex+2}
 11415 | Gauntlet | Noticed a minotaur
 11434 | Gauntlet | Killed a minotaur
 11604 | Gauntlet | Identified the ring of Hoaw {rElec rPois rN+ AC+4 Str-2}
 11713 | D:11     | Noticed a four-headed hydra
 11727 | D:11     | Killed a four-headed hydra
 11735 | D:11     | Noticed a white ugly thing
 11748 | D:11     | Killed a white ugly thing
 11749 | D:11     | Reached XP level 12. HP: 49/79 MP: 12/12
 11887 | D:11     | Reached skill level 11 in Fighting
 12772 | D:12     | Noticed a two-headed ogre
 12937 | D:11     | Killed a two-headed ogre
 13016 | D:12     | Identified the ring "Nenum" {rPois rF- Dex+3 SInv}
 13259 | D:12     | Found Ligarr's Magic Scroll Emporium.
 13950 | D:12     | Reached ***** piety under the Shining One
 14109 | D:12     | Reached skill level 12 in Fighting
 14362 | D:13     | Noticed an eight-headed hydra
 14374 | D:13     | Killed an eight-headed hydra
 14548 | D:13     | Reached XP level 13. HP: 65/86 MP: 13/13
 15674 | D:13     | Found Pepet's Antique Armour Emporium.
 15720 | D:13     | Noticed an entropy weaver
 15734 | D:13     | an entropy weaver changed into a culicivora
 15848 | D:13     | Paralysed by a floating eye for 3 turns
 16024 | Lair:1   | Entered Level 1 of the Lair of Beasts
 16033 | Lair:1   | Noticed Joseph
 16178 | Lair:1   | Killed Joseph
 16457 | Lair:1   | Reached skill level 15 in Maces & Flails
 16459 | Lair:1   | Reached skill level 1 in Dodging
 17227 | Lair:2   | Found a staircase to the Swamp.
 17392 | Lair:2   | Reached skill level 13 in Fighting
 17577 | Lair:2   | Found a hole to the Spider Nest.
 18158 | Lair:2   | Gained mutation: Your large and strong wings let you fly.
                  | [Gargoyle growth]
 18158 | Lair:2   | Reached XP level 14. HP: 94/94 MP: 14/14
 18982 | Lair:3   | Reached skill level 14 in Fighting
 19218 | Lair:3   | Reached skill level 5 in Dodging
 19384 | Lair:3   | Identified the ring "Fefful" {rPois rF++}
 20291 | Lair:4   | Noticed Sonja
 20372 | Lair:4   | Killed Sonja
 20523 | Lair:4   | Noticed Snorg
 20539 | Lair:4   | Killed Snorg
 20802 | Lair:5   | Entered Level 5 of the Lair of Beasts
 20802 | Lair:5   | Found a staircase to the Slime Pits.
 20817 | Lair:5   | Reached skill level 15 in Fighting
 21209 | Lair:5   | Reached skill level 1 in Invocations
 21947 | Lair:5   | Reached XP level 15. HP: 88/103 MP: 17/17
 22138 | Lair:5   | Reached ****** piety under the Shining One
 22456 | Lair:5   | Reached skill level 5 in Invocations
 23179 | D:13     | Reached skill level 16 in Fighting
 23328 | D:13     | Found a gate to the Vaults.
 23795 | D:14     | You are sucked into a shaft and drop 1 floor!
 23795 | D:15     | Entered Level 15 of the Dungeon
 24082 | D:15     | Noticed Kirke
 24296 | D:14     | HP: 5/104 [meliai/divine providence (14)]
 25021 | D:14     | Killed Kirke
 25135 | D:15     | Reached skill level 10 in Shields
 25166 | D:15     | Identified the +0 leather armour "Qoim" {Rampage Int+2}
 25806 | D:15     | Found a stormy altar of Qazlal.
 26058 | D:15     | Found a staircase to the Depths.
 26447 | Orc:1    | Entered Level 1 of the Orcish Mines
 26519 | Orc:2    | Entered Level 2 of the Orcish Mines
 26519 | Orc:2    | Noticed Josephine
 26525 | Orc:2    | Noticed Nessos
 26537 | Orc:1    | Killed Josephine
 26658 | Orc:1    | Killed Nessos
 27099 | D:12     | Bought 3 scrolls of acquirement for 2340 gold pieces
 27099 | D:12     | Acquired 708 gold pieces
 27100 | D:12     | Acquired the +1 cloak of Starlight {*Dazzle EV+4 Stlth--}
 27100 | D:12     | Found the +1 cloak of Starlight {*Dazzle EV+4 Stlth--}
 27101 | D:12     | Acquired a +2 eveningstar of protection
 27470 | Orc:2    | Reached XP level 16. HP: 112/112 MP: 21/21
 27822 | Orc:2    | Reached skill level 17 in Fighting
 27824 | Orc:2    | Found Ciopn's General Store.
 27825 | Orc:2    | Found Yplilav's General Store.
 28322 | Orc:2    | Found Icuexon's Book Boutique.
 28322 | Orc:2    | Found Afinan's Antique Weapon Shop.
 28323 | Orc:2    | Found a one-way gate leading to the halls of Pandemonium.
 28415 | Orc:2    | Found a staircase to the Elven Halls.
 28978 | Orc:1    | Identified the +0 robe of the Invisible Hand {rPois rF+ rC+
                  | SInv}
 28979 | Orc:1    | Identified the +0 robe of Wicked Joy {+Inv rC+ Str+4
                  | Stlth-}
 29414 | Depths:1 | Entered Level 1 of the Depths
 29981 | Depths:1 | Reached skill level 18 in Fighting
 30765 | Depths:1 | Found an ancient bone altar of Kikubaaqudgha.
 30938 | Depths:1 | Noticed a storm dragon
 30938 | Depths:1 | Noticed a golden dragon
 30938 | Depths:1 | Noticed a tengu reaver
 30951 | Depths:1 | Paralysed by a floating eye for 4 turns
 31111 | D:15     | Killed a tengu reaver
 31229 | Depths:1 | Paralysed by a floating eye for 4 turns
 31651 | Depths:1 | Reached XP level 17. HP: 120/120 MP: 23/23
 32319 | Depths:1 | Killed a golden dragon
 32450 | Depths:1 | Reached skill level 19 in Fighting
 32613 | Depths:2 | Noticed Mara
 32619 | Depths:1 | Noticed iforgotmypassword's illusion
 32629 | Depths:1 | Killed Mara
 32755 | Depths:2 | Noticed a lich
 32782 | Depths:2 | Killed a lich
 33127 | Depths:2 | Noticed a walking divine tome
 33165 | Depths:2 | Killed a walking divine tome
 33394 | Depths:2 | Noticed a tentacled monstrosity
 33417 | Depths:2 | Killed a tentacled monstrosity
 33432 | Depths:2 | Identified the ring "Jeniy" {rF+ Str+6}
 33820 | Depths:2 | Identified the amulet "Ythoruipt" {Spirit +Inv}
 33885 | Depths:2 | Identified the ring "Suecoud" {Ice rN++ Int+3 SInv}
 33897 | Depths:2 | Noticed a lich
 33908 | Depths:2 | Killed a lich
 33920 | Depths:2 | Reached skill level 15 in Shields
 34102 | Depths:2 | Identified the ring of Perfectionism {Will- AC+4 Dex+4 SInv
                  | Stlth+}
 34104 | Depths:2 | Paralysed by a floating eye for 4 turns
 34110 | Depths:2 | Paralysed by a floating eye for 4 turns
 34532 | Depths:2 | Found a gateway to Hell.
 35077 | Depths:2 | Reached skill level 20 in Fighting
 35170 | Depths:2 | Paralysed by a floating eye for 3 turns
 35350 | Depths:3 | Found Coyvaogh's Book Emporium.
 35350 | Depths:3 | Found Peatt's Jewellery Boutique.
 35351 | Depths:3 | Found Owoholuw's Jewellery Boutique.
 35430 | Depths:3 | Found a one-way gateway to a ziggurat.
 35431 | Depths:3 | Noticed a quicksilver dragon
 35549 | Depths:2 | Killed a quicksilver dragon
 36109 | Depths:3 | Reached XP level 18. HP: 120/131 MP: 24/24
 36189 | Depths:3 | Found a one-way gate to the infinite horrors of the Abyss.
 36943 | Depths:3 | Reached skill level 21 in Fighting
 37317 | Depths:4 | Entered Level 4 of the Depths
 37317 | Depths:4 | Noticed a tentacled monstrosity
 37339 | Depths:3 | Killed a tentacled monstrosity
 37618 | Depths:4 | Noticed the Enchantress
 37942 | Depths:3 | Killed the Enchantress
 38201 | Depths:4 | Noticed a walking earthen tome
 38272 | Depths:4 | Killed a walking earthen tome
 38840 | Depths:4 | Noticed Saint Roka
 38899 | Depths:3 | Identified a +4 sacred scourge of holy wrath (a +2 demon
                  | whip of venom blessed by the Shining One)
 38899 | Depths:3 | Received a gift from the Shining One
 39139 | Swamp:1  | Entered Level 1 of the Swamp
 40004 | Swamp:1  | Noticed a tentacled monstrosity
 40024 | Swamp:1  | Killed a tentacled monstrosity
 40123 | Swamp:1  | Paralysed by a fenstrider witch for 2 turns
 40530 | Swamp:2  | Reached XP level 19. HP: 115/138 MP: 21/25
 41091 | Swamp:3  | Noticed Nikola
 41113 | Swamp:3  | Killed Nikola
 41146 | Swamp:3  | Noticed Bai Suzhen
 41228 | Swamp:2  | Killed Bai Suzhen
 41848 | Swamp:4  | Entered Level 4 of the Swamp
 41848 | Swamp:4  | Noticed Roxanne
 41903 | Swamp:4  | Killed Roxanne
 42414 | Swamp:4  | Reached skill level 15 in Armour
 42419 | Swamp:4  | Identified the amulet of the Establishment {Spirit *Slow
                  | Fly Str+2}
 42736 | Swamp:4  | Found a blossoming altar of Fedhas.
 42789 | Swamp:4  | Found a basalt altar of Yredelemnul.
 42803 | Swamp:4  | Got a decaying rune of Zot
 43202 | Depths:3 | Bought the ring of Irocoihe {EV+5 Int+3 Slay+2} for 1096
                  | gold pieces
 43304 | Depths:3 | Killed Saint Roka
 43831 | Depths:4 | Noticed a golden dragon
 43879 | Depths:3 | Killed a golden dragon
 43989 | Depths:4 | Found a gate to the Realm of Zot.
 44281 | Depths:4 | Found Zycweaqe's Antique Armour Emporium.
 44281 | Depths:4 | Found Goghob's Weapon Shoppe.
 44282 | Depths:4 | Found Labryope's Armour Emporium.
 44284 | Depths:4 | Found Cucoapt's General Store.
 44510 | Depths:4 | Reached XP level 20. HP: 112/144 MP: 22/26
 45363 | Spider:1 | Entered Level 1 of the Spider Nest
 46835 | Spider:2 | Noticed Arachne
 46852 | Spider:2 | Found a transporter.
 46868 | Spider:2 | Killed Arachne
 46890 | Spider:2 | Found a transporter.
 46942 | Spider:2 | Got the +1 pair of boots of Kleptomania {Regen+}
 48687 | Spider:4 | Entered Level 4 of the Spider Nest
 49250 | Spider:4 | Reached skill level 10 in Dodging
 49337 | Spider:4 | Reached XP level 21. HP: 149/149 MP: 27/27
 49514 | Spider:4 | Got a gossamer rune of Zot
 50056 | Elf:1    | Entered Level 1 of the Elven Halls
 50079 | Elf:1    | Found Bucouke's Antique Armour Shoppe.
 50152 | Elf:1    | Noticed Agnes
 50170 | Elf:1    | Killed Agnes
 50306 | Abyss:2  | Cast into level 2 of the Abyss (+2 trident of distortion)
 50335 | Abyss:3  | Found a corrupted altar of Lugonu.
 50354 | Abyss:3  | Found a corrupted altar of Lugonu.
 50378 | Abyss:3  | Noticed a bone dragon
 50391 | Abyss:3  | Killed a bone dragon
 50697 | Abyss:3  | Found a corrupted altar of Lugonu.
 50720 | Abyss:3  | Noticed an ancient lich
 50742 | Abyss:3  | Killed an ancient lich
 50910 | Abyss:3  | Paralysed by accursed screaming for 1 turns
 50919 | Abyss:3  | Paralysed by accursed screaming for 2 turns
 50937 | Abyss:3  | Paralysed by accursed screaming for 1 turns
 51131 | Abyss:3  | Found a corrupted altar of Lugonu.
 51185 | Abyss:3  | Found a corrupted altar of Lugonu.
 51327 | Abyss:3  | Noticed a bone dragon
 51337 | Abyss:3  | Killed a bone dragon
 51422 | Abyss:3  | Found a transporter.
 51476 | Abyss:3  | Paralysed by accursed screaming for 1 turns
 51540 | Abyss:3  | Found a transporter.
 51546 | Abyss:3  | Got an abyssal rune of Zot
 51593 | Abyss:4  | Found a corrupted altar of Lugonu.
 51792 | Abyss:4  | Paralysed by an air elemental for 1 turns
 51909 | Elf:1    | Escaped the Abyss
 51925 | Elf:1    | Reached XP level 22. HP: 145/155 MP: 22/28
 51975 | Elf:1    | Got Iskenderun's Dissertation on Conflict
 52088 | Elf:1    | Noticed Louise
 52105 | Elf:1    | Killed Louise
 52891 | Elf:2    | Found a runed translucent gate.
 52895 | Elf:2    | Found a runed translucent gate.
 52895 | Elf:2    | Found a runed translucent gate.
 52934 | Elf:3    | Entered Level 3 of the Elven Halls
 53420 | Elf:3    | Gained mutation: You are occasionally teleported next to
                  | monsters. [a cacodemon]
 53424 | Elf:2    | Lost mutation: You are occasionally teleported next to
                  | monsters. [potion of mutation]
 53424 | Elf:2    | Gained mutation: You have hidden genetic defects. [potion
                  | of mutation]
 53424 | Elf:2    | Gained mutation: Your spells are a little harder to cast,
                  | but a little more powerful. [potion of mutation]
 53710 | Abyss:4  | Cast into level 4 of the Abyss (a deep elf demonologist)
 53748 | Abyss:4  | Gained mutation: Your magical capacity is low. (-10% MP) [a
                  | neqoxec]
 53819 | Abyss:4  | Gained mutation: You are frail. (-10% HP) [a neqoxec]
 53997 | Abyss:5  | Gained mutation: You are weak. (Str -2) [a neqoxec]
 54001 | Abyss:5  | Noticed a dread lich
 54013 | Elf:3    | Escaped the Abyss
 54083 | Elf:3    | Lost mutation: You have hidden genetic defects. [potion of
                  | mutation]
 54083 | Elf:3    | Lost mutation: You are weak. (Str -2) [potion of mutation]
 54083 | Elf:3    | Gained mutation: You are strong-willed. (Will+) [potion of
                  | mutation]
 54083 | Elf:3    | Gained mutation: Your movements are slightly less
                  | encumbered by armour. (ER -2) [potion of mutation]
 54134 | Elf:3    | Identified the ring "Tuizet" {rPois EV+5 Str+2 Int-2}
 54288 | Elf:3    | Gained mutation: You are clumsy. (Dex -2) [a cacodemon]
 54289 | Elf:3    | Gained mutation: You have very sharp teeth. [a cacodemon]
 54323 | Elf:3    | Identified the +3 scimitar "Kurph" {freeze, rC+ Int+2
                  | Stlth+}
 54339 | Elf:3    | Identified the +0 leather armour of Mezcal {Dex+4}
 54518 | Elf:3    | Identified the +6 rapier "Myv Beku" {flame, rElec rC+ Str+4
                  | Stlth+}
 54714 | Elf:3    | Identified the ring of Zafuet {rElec Will+ Slay+3}
 54950 | Elf:3    | Identified the amulet of Yduaxuf {Reflect rF+ Will- Regen+
                  | Str+2 SH+5}
 55404 | Depths:2 | Reached XP level 23. HP: 144/144 MP: 26/26
 55608 | Vaults:1 | Entered Level 1 of the Vaults
 56185 | Vaults:1 | Reached skill level 15 in Dodging
 56521 | Vaults:1 | Found a huge runed gate.
 56521 | Vaults:1 | Found a huge runed gate.
 56521 | Vaults:1 | Found a huge runed gate.
 56521 | Vaults:1 | Found a huge runed gate.
 56521 | Vaults:1 | Found a huge runed gate.
 56521 | Vaults:1 | Found a huge runed gate.
 56522 | Vaults:1 | Found a huge runed gate.
 56522 | Vaults:1 | Found a huge runed gate.
 56522 | Vaults:1 | Found a huge runed gate.
 56522 | Vaults:1 | Found a huge runed gate.
 56526 | Vaults:1 | Found a huge runed gate.
 56526 | Vaults:1 | Found a huge runed gate.
 56526 | Vaults:1 | Found a huge runed gate.
 56526 | Vaults:1 | Found a huge runed gate.
 56526 | Vaults:1 | Found a huge runed gate.
 56526 | Vaults:1 | Found a huge runed gate.
 56527 | Vaults:1 | Found a huge runed gate.
 56528 | Vaults:1 | Found a huge runed gate.
 56529 | Vaults:1 | Found a huge runed gate.
 56537 | Vaults:1 | Found a huge runed gate.
 56537 | Vaults:1 | Found a huge runed gate.
 56537 | Vaults:1 | Found a huge runed gate.
 56537 | Vaults:1 | Found a huge runed gate.
 56537 | Vaults:1 | Found a huge runed gate.
 56537 | Vaults:1 | Found a huge runed gate.
 56538 | Vaults:1 | Found a huge runed gate.
 56539 | Vaults:1 | Found a huge runed gate.
 56540 | Vaults:1 | Found a huge runed gate.
 56639 | Vaults:1 | Found a huge runed gate.
 56639 | Vaults:1 | Found a huge runed gate.
 56639 | Vaults:1 | Found a huge runed gate.
 56639 | Vaults:1 | Found a huge runed gate.
 56639 | Vaults:1 | Found a huge runed gate.
 56639 | Vaults:1 | Found a huge runed gate.
 56640 | Vaults:1 | Found a huge runed gate.
 56641 | Vaults:1 | Found a huge runed gate.
 56678 | Vaults:1 | Noticed Asterion
 56696 | Vaults:1 | Killed Asterion
 58833 | Vaults:3 | Found Ekire's Book Boutique.
 58983 | Vaults:3 | Reached XP level 24. HP: 145/150 MP: 26/26
 59844 | Vaults:3 | Found a staircase to the Crypt.
 60828 | Vaults:4 | Identified the ring of Lilacs {Fly rN++}
 60850 | Vaults:4 | Identified the +1 scale mail "Xoizeuth" {Drain Str-2 SInv
                  | Stlth+}
 60853 | Vaults:4 | Identified the +6 dagger "Xeraent" {heavy, rCorr Int+4}
 61631 | Zot:1    | Entered Level 1 of the Realm of Zot
 62262 | Zot:1    | Reached skill level 22 in Fighting
 62355 | Zot:1    | Identified the +1 scale mail of Ytebed {Str+5}
 62564 | Zot:1    | Reached XP level 25. HP: 156/156 MP: 26/26
 63541 | Zot:2    | Reached skill level 23 in Fighting
 63679 | Zot:2    | Acquired 963 gold pieces
 63780 | Zot:3    | Found the +4 dragonskin cloak
 63780 | Zot:3    | Noticed Tiamat
 64185 | Zot:2    | Killed Tiamat
 64317 | Zot:3    | Reached skill level 24 in Fighting
 64449 | Zot:5    | Entered Level 5 of the Realm of Zot
 64481 | Zot:5    | Noticed a Killer Klown
 64507 | Zot:5    | Killed a Killer Klown
 64601 | Zot:4    | Found a transporter.
 64601 | Zot:4    | Found a transporter.
 64727 | Zot:5    | Noticed a dread lich
 64751 | Zot:5    | Killed a dread lich
 64808 | Zot:5    | Noticed a dread lich
 64813 | Zot:5    | Reached skill level 25 in Fighting
 64820 | Zot:5    | Noticed an ancient lich
 64830 | Zot:5    | Noticed a Killer Klown
 64834 | Zot:5    | Noticed an orb of fire
 64837 | Zot:5    | Noticed a dread lich
 64839 | Zot:5    | Killed a dread lich
 64839 | Zot:5    | Noticed an orb of fire
 64842 | Zot:5    | Noticed a dread lich
 64842 | Zot:5    | Gained mutation: Your magical capacity is very low. (-20%
                  | MP) [an orb of fire]
 64844 | Zot:5    | Noticed an ancient lich
 64848 | Zot:5    | Gained mutation: You are occasionally teleported next to
                  | monsters. [an orb of fire]
 64864 | Zot:5    | Slain by an Orb Guardian

Illustrated notes

Levels and vault maps discovered:
D:1:      minmay_arrival_widening_spiral_wide, layout_loops_ring, st_stairs_13,
          minivault_24
D:2:      layout_basic, hex_medium
D:3:      layout_loops_ring, uniq_crazy_yiuf_cottage, uniq_natasha
D:4:      layout_basic, elyvilon_altar_1, ebering_ghost_sewer_d,
          kennysheep_big_empty_room, minmay_pentomino_pile
D:5:      kb_forest_paths, layout_rooms, mainiacjoe_overflow_small_starburst,
          minmay_temple_entry_offerings, serial_rivers,
          chequers_serial_rivers_small_b, chequers_serial_rivers_micro_c,
          chequers_serial_rivers_large_a, chequers_serial_rivers_room_a,
          hellmonk_no_cap
D:6:      layout_basic, grunt_temple_overflow_open, kennysheep_little_box,
          st_stairs_10, uniq_menkaure, uniq_prince_ribbit1
D:7:      layout_basic, overflow_temple_1_default, nicolae_shop_gadgets
D:8:      layout_rooms
D:9:      layout_roguey, kennysheep_mini_moat, gammafunk_temple_overflow_statue,
          orc_0_dummy, enter_bailey_2, uniq_grum
D:10:     layout_roguey, ashenzari_conservatory_becter, kennysheep_mini,
          grunt_lair_entry_orc_guard_hut, chequers_serial_rivers_micro_a
D:11:     minmay_bloctagon_deflated, layout_loops_corners,
          gauntlet_entry_generic, mrwooster_statue_mirror
D:12:     cheibrodos_statue_roulette, layout_layer_cave, serial_shops,
          nicolae_shop_rolling_square
D:13:     layout_loops_corners, david_vaults_4, serial_shops, shop, special_room
          [special_room_orc]
D:14:     layout_rooms
D:15:     grunt_enter_depths_hoard, layout_basic,
          nicolae_qazlal_eye_of_the_storm, uniq_kirke
Temple:   nicolae_temple_ecumenical_triangle
Lair:1:   layout_long_grid, uniq_joseph
Lair:2:   regret_index_wax_grids, layout_regular_city,
          skrybe_swamp_entry_bodies, nicolae_spider_entry_orb_guardian,
          serial_bayou_lagoon_b
Lair:3:   dragon1_lemuel, layout_misc_corridors, minmay_holes,
          guppyfry_lair_drakes
Lair:4:   layout_loops_ring, uniq_snorg, uniq_sonja
Lair:5:   hangedman_lair_in_review, layout_regular_city,
          guppyfry_lair_end_dragon, slime_entry_1
Swamp:1:  cheibrodos_swamp_monstrosity, layout_falls_marsh,
          nicolae_swamp_feature_on_the_river_bank, swamp_pool2,
          hangedman_swamp_dais
Swamp:2:  layout_basic_swamp, nicolae_swamp_some_circles, swamp_pool5,
          infiniplex_staircase_pool_2
Swamp:3:  layout_basic_swamp, serial_swamp_ruin, hangedman_swamp_ruin_wall,
          evilmike_swamp_ruin_house_4, uniq_bai_suzhen, uniq_nikola
Swamp:4:  byrel_swamp_growth_death_and_undeath, layout_basic_swamp, uniq_roxanne
Spider:1: layout_spider_delve, nicolae_spider_twisty_arc_passages
Spider:2: gammafunk_boulding_lane, drop_trap, hangedman_spider_mandibles,
          uniq_arachne
Spider:3: layout_chambers
Spider:4: grunt_spider_rune_circles
Orc:1:    layout_diamond_mine, hangedman_minor_magic
Orc:2:    pf_orc_diabolical, layout_caves, nicolae_orc_flooded_monolith,
          uniq_josephine, uniq_nessos
Elf:1:    layout_gridlike, serial_shops, nicolae_shop_rolling_square,
          minmay_elf_annihilation, uniq_louise, uniq_agnes
Elf:2:    nicolae_elf_blades_crystal_corner, layout_geoelf_octagon,
          einodemon_armed_red_devil_minivault
Elf:3:    nooodl_elf_gasket, layout_gridlike
Vaults:1: nicolae_vaults_network_quincunx
          [nicolae_vaults_network_quincunx_subvault,
          nicolae_vaults_network_quincunx_subvault,
          nicolae_vaults_network_quincunx_subvault,
          nicolae_vaults_network_quincunx_subvault,
          nicolae_vaults_network_quincunx_subvault],
          nicolae_vaults_sesquioval_fish, door_vault,
          nicolae_vaults_sightless_eye, hangedman_vaults_restitches, v_misc_10,
          ontoclasm_vaults_ligature, nicolae_vaults_little_squares_5, v_misc_18,
          nicolae_vaults_diagonal_hallway_8, layout_vaults_omnicross,
          uniq_asterion
Vaults:2: nicolae_vaults_storage_closets_3, hangedman_vaults_restitches,
          ontoclasm_vaults_misaligned, nicolae_vaults_variable_pillar_hall,
          nicolae_vaults_closet_pinwheel_3, layout_vaults_omnigrid
Vaults:3: nicolae_vaults_trapezoid_lopsided_4, minmay_crypt_entry_simple_walls,
          v_pattern_5, nicolae_vaults_hexular_roomagon, v_misc_8,
          hangedman_vaults_trim, vaults_room_boxed,
          nicolae_vaults_storage_closets_2,
          nicolae_vaults_offset_grid_hallway_2, hangedman_vaults_snaps,
          ontoclasm_vaults_eye, ontoclasm_vaults_gateway, vaults_room_pool,
          layout_vaults_big_room, serial_shops, shop
Vaults:4: vaults_room_fours, ontoclasm_vaults_hangar,
          nicolae_vaults_frosty_reception, nicolae_vaults_closet_pinwheel_3,
          hangedman_vaults_capsules, nicolae_vaults_storing_the_good_stuff,
          nicolae_vaults_apartment_1, nicolae_vaults_mini_display_case,
          nicolae_vaults_big_ls, ontoclasm_vaults_ring_small,
          layout_vaults_omnibox
Depths:1: layout_honeycomb, nicolae_kikubaaqudgha_miasma_corner, hellmouth_2,
          wad_scary_box
Depths:2: minmay_the_grid_triangle_9x9_recursive_2_mashed
          [minmay_the_grid_triangle_9x9_prize_special,
          minmay_the_grid_triangle_9x9_from_above,
          minmay_the_grid_triangle_9x9_pentomino_pain,
          minmay_the_grid_triangle_9x9_thin_v], layout_gridville,
          rand_demon_pan_entry_3, hell_entry, serial_sigils_hangedman_clutch,
          kennysheep_nub, firewood_loft, uniq_mara
Depths:3: minmay_octagon_keep, layout_basic, enter_ziggurat_a,
          chequers_big_river, hell_entry, abyss_entry_crystal,
          infiniplex_staircase_zigzag_5, minmay_shop_grove
Depths:4: grunt_zot_entry_alcove, layout_honeycomb, serial_bayou_pond_e,
          hell_entry, pan_entry, minmay_shoptagon, grunt_megastairs_2,
          uniq_saint_roka, uniq_enchantress
Zot:1:    layout_basic, zot_minivault_4
Zot:2:    layout_twisted_circle
Zot:3:    layout_cathedral_of_symmetry, uniq_grunn, uniq_tiamat
Zot:4:    layout_cathedral_of_symmetry, nicolae_diode_stairs, grunt_megastairs_3
Zot:5:    layout_twisted_circle

Skill      XL: |  1  2  3  4  5  6  7  8  9 10 11 12 13 14 15 16 17 18 19 20 21 22 23 24 25 |
---------------+----------------------------------------------------------------------------+-----
Fighting       | 4 5 6 8 9 10 12 13 15 16 18 20 21 22 25 | 25.2
Armour         | 4 5 6 8 9 10 12 13 16 18 20 22 | 22.0
Shields        | 4 5 6 7 8 10 13 16 18 20 | 20.0
Maces & Flails | 3 4 6 8 10 12 14 16 | 16.0
Dodging        | 3 6 10 12 14 17 20 | 20.0
Invocations    | 3 7 8 |  8.4

Action                     |  1- 3 |  4- 6 |  7- 9 | 10-12 | 13-15 | 16-18 | 19-21 | 22-24 | 25-27 || total
---------------------------+-------+-------+-------+-------+-------+-------+-------+-------+-------++-------
  Melee: Flail             |   109 |   214 |   468 |    33 |       |       |       |       |       ||   824
         Morningstar       |       |       |       |   633 |  1577 |       |       |       |       ||  2210
         Eveningstar       |       |       |       |       |    12 |  1477 |       |       |       ||  1489
         Sacred scourge    |       |       |       |       |       |   224 |  2325 |  2285 |   673 ||  5507
         Bite              |       |       |       |       |       |       |       |   426 |   175 ||   601
  Throw: Dart              |       |       |       |       |     9 |       |    11 |       |       ||    20
 Invoke: Divine Shield     |       |       |       |       |     1 |     1 |     2 |     2 |     1 ||     7
         Brand Weapon With |       |       |       |       |       |     1 |       |       |       ||     1
         Cleansing Flame   |       |       |       |       |       |       |     3 |     1 |     4 ||     8
  Evoke: Wand              |       |       |     7 |     2 |     2 |     1 |     1 |       |     5 ||    18
         Lightning rod     |       |       |       |       |       |     1 |       |       |       ||     1
    Use: Scroll            |       |     3 |     2 |    13 |    11 |     8 |     5 |     9 |     7 ||    58
         Potion            |       |     1 |       |     4 |     4 |     2 |     1 |     4 |     2 ||    18
   Stab: Paralysed         |       |       |     9 |       |       |       |       |       |       ||     9
 Armour: Scale mail        |    52 |   139 |    39 |   143 |   614 |   593 |   501 |   174 |       ||  2255
         Chain mail        |       |       |   178 |   178 |       |       |       |       |       ||   356
         Quicksilver drago |       |       |       |       |       |       |       |   272 |   147 ||   419
  Dodge: Dodged            |    53 |    95 |   233 |   445 |   918 |   953 |  1105 |  1097 |   383 ||  5282
  Block: Buckler           |    27 |    47 |   141 |   192 |   226 |       |       |       |       ||   633
         Tower shield      |       |       |       |       |   610 |  1339 |  1661 |  1955 |   639 ||  6204
         Reflection        |       |       |       |       |       |       |       |    76 |    15 ||    91

Table legend: (Time is in decaauts)
 A = Elapsed time spent in this place.
 B = Non-inter-level travel time spent in this place.
 C = Inter-level travel time spent in this place.
 D = Time resting spent in this place.
 E = Time spent auto-exploring this place.
 F = Levels seen in this place.
 G = Mean time per level.
                   A        B        C        D        E       F      G
               +--------+--------+--------+--------+--------+-----+--------+
         Total |  62317 |  57749 |   4568 |  13225 |  25183 |  54 | 1154.0 |
       Dungeon |  21243 |  18881 |   2362 |   4941 |   8921 |  15 | 1416.2 |
        Temple |     10 |     10 |      0 |      0 |      0 |   1 |   10.0 |
          Lair |   6623 |   6220 |    403 |   1199 |   3157 |   5 | 1324.6 |
         Swamp |   3533 |   3381 |    152 |    667 |   1647 |   4 |  883.2 |
   Spider Nest |   4177 |   4042 |    135 |    524 |   2212 |   4 | 1044.2 |
  Orcish Mines |   2584 |   2396 |    188 |    447 |    949 |   2 | 1292.0 |
   Elven Halls |   2942 |   2792 |    150 |    361 |   1210 |   3 |  980.7 |
        Vaults |   5121 |   4834 |    287 |    215 |   3175 |   4 | 1280.2 |
        Depths |  10616 |   9755 |    861 |   3931 |   2743 |   4 | 2654.0 |
           Zot |   2639 |   2611 |     28 |    675 |    255 |   5 |  527.8 |
         Abyss |   1597 |   1597 |      0 |     51 |    612 |   5 |  319.4 |
        Bailey |    319 |    319 |      0 |     11 |     22 |   1 |  319.0 |
      Gauntlet |    907 |    907 |      0 |    203 |    278 |   1 |  907.0 |
               +--------+--------+--------+--------+--------+-----+--------+

Top non-repeatable levels by time:
Depths:2: 3445 daAuts
    D:15: 2941 daAuts
Depths:3: 2740 daAuts
    D:13: 2315 daAuts
Depths:4: 2303 daAuts
Depths:1: 2126 daAuts
  Lair:2: 1784 daAuts
    D:12: 1735 daAuts
  Lair:5: 1719 daAuts
     D:3: 1661 daAuts
    D:11: 1649 daAuts
    D:10: 1507 daAuts
   Elf:3: 1488 daAuts
Vaults:1: 1476 daAuts
     D:4: 1365 daAuts
